TOP OF THE 1ST |
Greenville 84s batting - Pitching for New Orleans Looters : RHP Marty Bradford
|
Pitching: RHP Marty Bradford
|
|
Batting: RHB Carlos Torres
|
0-0: Ball 1-0: Ball 2-0: Foul Ball, location: 2F 2-1: Swinging Strike 2-2: Foul Ball, location: 2F 2-2: Ground out 6-3 (Groundball, 6)
|
Batting: LHB Chris Moore
|
0-0: Ball 1-0: Foul Ball, location: 2F 1-1: Foul Ball, location: 2F 1-2: SINGLE (Groundball, 4MD)
|
Batting: RHB Enzo Díaz
|
0-0: Ball 1-0: Called Strike 1-1: SINGLE (Groundball, 6M) Chris Moore to second
|
Batting: LHB Jimmy Vickers
|
0-0: Grounds out, U3 (Groundball, 3L) Chris Moore to third
|
Batting: LHB Paco Rosas
|
0-0: Ball 1-0: Ground out 6-3 (Groundball, 6M)
|
Top of the 1st over - 0 run(s), 2 hit(s), 0 error(s), 2 left on base; Greenville 0 - New Orleans 0 |
BOTTOM OF THE 1ST |
New Orleans Looters batting - Pitching for Greenville 84s : LHP Eduardo Trujillo
|
Pitching: LHP Eduardo Trujillo
|
|
Batting: RHB Dominic Turner
|
0-0: Swinging Strike 0-1: Ball 1-1: Called Strike 1-2: Ball 2-2: Strikes out swinging
|
Batting: RHB Dave O'Loan
|
0-0: Called Strike 0-1: Foul Ball, location: 2F 0-2: Ball 1-2: Ball 2-2: Fly out, F7 (Flyball, 78M)
|
Batting: RHB Stephen Shaw
|
0-0: Called Strike 0-1: Ball 1-1: Ball 2-1: Ball 3-1: Ground out 6-3 (Groundball, 6)
|
Bottom of the 1st over - 0 run(s), 0 hit(s), 0 error(s), 0 left on base; Greenville 0 - New Orleans 0 |
TOP OF THE 2ND |
Greenville 84s batting - Pitching for New Orleans Looters : RHP Marty Bradford
|
Batting: LHB Kiyonaga Morita
|
0-0: Called Strike 0-1: Ball 1-1: Ball 2-1: DOUBLE (Line Drive, 7LS)
|
Batting: LHB Vicente Bueno
|
0-0: Fly out, F9 (Flyball, 89M)
|
Batting: LHB Al Mills
|
0-0: Swinging Strike 0-1: Ball 1-1: Called Strike 1-2: Ball 2-2: SINGLE (Groundball, 13) (infield hit) Kiyonaga Morita to third
|
Batting: LHB Brock Larsen
|
0-0: Called Strike 0-1: Ball 1-1: Ball 2-1: Ball 3-1: Foul Ball, location: 2F 3-2: Strikes out swinging
|
Batting: RHB Carlos Torres
|
0-0: Ball Wild Pitch! Kiyonaga Morita scores Al Mills to second 1-0: Ball 2-0: Foul Ball, location: 2F 2-1: Called Strike 2-2: Foul Ball, location: 2F 2-2: SINGLE (Line Drive, 9S) Al Mills to third Runner from 3rd tries for Home, SAFE, throw made home Carlos Torres to second
|
Batting: LHB Chris Moore
|
0-0: Called Strike 0-1: Foul Ball, location: 2F 0-2: Ball 1-2: Ground out 6-3 (Groundball, 6)
|
Top of the 2nd over - 2 run(s), 3 hit(s), 0 error(s), 1 left on base; Greenville 2 - New Orleans 0 |
BOTTOM OF THE 2ND |
New Orleans Looters batting - Pitching for Greenville 84s : LHP Eduardo Trujillo
|
Batting: RHB Francisco Ibarra
|
0-0: Ball 1-0: Fly out, F8 (Flyball, 8LM)
|
Batting: RHB Jimmy Simon
|
0-0: Ball 1-0: Foul Ball, location: 2F 1-1: Ground out 5-3 (Groundball, 5S)
|
Batting: RHB Luis Alou
|
0-0: Called Strike 0-1: Called Strike 0-2: Foul Ball, location: 2F 0-2: DOUBLE (Line Drive, 89XD)
|
Batting: RHB Diego Rivera
|
0-0: Ball 1-0: Called Strike 1-1: Foul Ball, location: 2F 1-2: Ball 2-2: Ball 3-2: Foul Ball, location: 2F 3-2: Strikes out looking
|
Bottom of the 2nd over - 0 run(s), 1 hit(s), 0 error(s), 1 left on base; Greenville 2 - New Orleans 0 |
TOP OF THE 3RD |
Greenville 84s batting - Pitching for New Orleans Looters : RHP Marty Bradford
|
Batting: RHB Enzo Díaz
|
0-0: Foul Ball, location: 2F 0-1: Ground out 5-3 (Groundball, 6S)
|
Batting: LHB Jimmy Vickers
|
0-0: Swinging Strike 0-1: Ball 1-1: Ground out 6-3 (Groundball, 6M)
|
Batting: LHB Paco Rosas
|
0-0: Called Strike 0-1: Foul Ball, location: 2F 0-2: Ball 1-2: SINGLE (Line Drive, 9LM)
|
Batting: LHB Kiyonaga Morita
|
0-0: Swinging Strike 0-1: Ball 1-1: Ball 2-1: Ball 3-1: SINGLE (Groundball, 4M) Paco Rosas to second
|
Batting: LHB Vicente Bueno
|
0-0: Ball 1-0: Foul Ball, location: 2F 1-1: Swinging Strike 1-2: Ball 2-2: Ball 3-2: Ground out 4-3 (Groundball, 4M)
|
Top of the 3rd over - 0 run(s), 2 hit(s), 0 error(s), 2 left on base; Greenville 2 - New Orleans 0 |
BOTTOM OF THE 3RD |
New Orleans Looters batting - Pitching for Greenville 84s : LHP Eduardo Trujillo
|
Batting: RHB José Mora
|
0-0: Swinging Strike 0-1: Ball 1-1: Called Strike 1-2: Ball 2-2: Strikes out looking
|
Batting: LHB José Esparza
|
0-0: Foul Ball, location: 2F 0-1: Ball 1-1: Swinging Strike 1-2: Ground out 4-3 (Groundball, 4M)
|
Batting: RHB Dominic Turner
|
0-0: Ball 1-0: Foul Ball, location: 2F 1-1: Ground out 6-3 (Groundball, 6M)
|
Bottom of the 3rd over - 0 run(s), 0 hit(s), 0 error(s), 0 left on base; Greenville 2 - New Orleans 0 |
TOP OF THE 4TH |
Greenville 84s batting - Pitching for New Orleans Looters : RHP Marty Bradford
|
Batting: LHB Al Mills
|
0-0: Ball 1-0: Ball 2-0: Swinging Strike 2-1: Ball 3-1: Fly out, F6 (Line Drive, 6)
|
Batting: LHB Brock Larsen
|
0-0: Called Strike 0-1: Called Strike 0-2: Ball 1-2: Foul Ball, location: 2F 1-2: Ball 2-2: Ground out 6-3 (Groundball, 6)
|
Batting: RHB Carlos Torres
|
0-0: Bunt for hit - play at first, batter OUT! 1-3
|
Top of the 4th over - 0 run(s), 0 hit(s), 0 error(s), 0 left on base; Greenville 2 - New Orleans 0 |
BOTTOM OF THE 4TH |
New Orleans Looters batting - Pitching for Greenville 84s : LHP Eduardo Trujillo
|
Batting: RHB Dave O'Loan
|
0-0: Ball 1-0: Fly out, F7 (Flyball, 78M)
|
Batting: RHB Stephen Shaw
|
0-0: Called Strike 0-1: Ball 1-1: Swinging Strike 1-2: Strikes out swinging
|
Batting: RHB Francisco Ibarra
|
0-0: Ball 1-0: Foul Ball, location: 2F 1-1: Swinging Strike 1-2: Ball 2-2: Foul Ball, location: 2F 2-2: Ball 3-2: Fly out, F6 (Line Drive, 6)
|
Bottom of the 4th over - 0 run(s), 0 hit(s), 0 error(s), 0 left on base; Greenville 2 - New Orleans 0 |
TOP OF THE 5TH |
Greenville 84s batting - Pitching for New Orleans Looters : RHP Marty Bradford
|
Batting: LHB Chris Moore
|
0-0: Ball 1-0: Ball 2-0: Ball 3-0: Base on Balls
|
Batting: RHB Enzo Díaz
|
0-0: Hit by Pitch Chris Moore to second
|
Batting: LHB Jimmy Vickers
|
0-0: Called Strike 0-1: Foul Ball, location: 2F 0-2: Ball 1-2: SINGLE (Groundball, 3D) Chris Moore to third Enzo Díaz to second
|
Pitching: RHP Armando Félix
|
|
Batting: LHB Paco Rosas
|
0-0: Called Strike 0-1: Ball 1-1: Foul Ball, location: 2F 1-2: Ball 2-2: SINGLE (Groundball, 34D) Chris Moore scores Enzo Díaz to third Jimmy Vickers to second
|
Batting: LHB Kiyonaga Morita
|
0-0: GRAND SLAM HOME RUN (Flyball, 89XD), Distance : 378 ft
|
Batting: LHB Vicente Bueno
|
0-0: Ball 1-0: Ball 2-0: Called Strike 2-1: Ball 3-1: Called Strike 3-2: Base on Balls
|
Batting: LHB Al Mills
|
0-0: Ball Vicente Bueno steals 2nd base 1-0: Ball 2-0: Ground out 5-3 (Groundball, 56)
|
Batting: LHB Brock Larsen
|
0-0: Ball 1-0: Ball 2-0: Called Strike 2-1: Ground out 6-3 (Groundball, 6M) Vicente Bueno to third
|
Batting: RHB Carlos Torres
|
0-0: DOUBLE (Line Drive, 7LS) Vicente Bueno scores
|
Pitching: RHP Ricardo Pérez
|
|
Batting: LHB Chris Moore
|
0-0: Ball 1-0: Called Strike 1-1: Foul Ball, location: 2F 1-2: Ball 2-2: SINGLE (Flyball, 4MD) Carlos Torres to third Runner from 3rd tries for Home, SAFE, no throw or cutoff
|
Batting: RHB Enzo Díaz
|
0-0: Called Strike 0-1: Fly out, F8 (Flyball, 8LD)
|
Top of the 5th over - 7 run(s), 5 hit(s), 0 error(s), 1 left on base; Greenville 9 - New Orleans 0 |
BOTTOM OF THE 5TH |
New Orleans Looters batting - Pitching for Greenville 84s : LHP Eduardo Trujillo
|
Batting: RHB Jimmy Simon
|
0-0: SINGLE (Flyball, 34D)
|
Batting: RHB Luis Alou
|
0-0: Fly out, F3 (Popup, 3F)
|
Batting: RHB Diego Rivera
|
0-0: Ball 1-0: Ball 2-0: Grounds into double play, 5-4-3 (Groundball, 5)
|
Bottom of the 5th over - 0 run(s), 1 hit(s), 0 error(s), 0 left on base; Greenville 9 - New Orleans 0 |
TOP OF THE 6TH |
Greenville 84s batting - Pitching for New Orleans Looters : RHP Ricardo Pérez
|
Batting: LHB Jimmy Vickers
|
0-0: Ball 1-0: SINGLE (Groundball, 56D)
|
Batting: LHB Paco Rosas
|
0-0: Ball 1-0: Called Strike 1-1: Called Strike 1-2: Ball 2-2: Ball 3-2: Ground out 4-3 (Groundball, 4S) Jimmy Vickers to second
|
Batting: LHB Kiyonaga Morita
|
0-0: Foul Ball, location: 2F 0-1: Ball 1-1: Foul Ball, location: 2F 1-2: Fly out, F8 (Flyball, 8RS)
|
Batting: LHB Vicente Bueno
|
0-0: Foul Ball, location: 2F 0-1: Ball 1-1: Swinging Strike 1-2: Ground out 4-3 (Groundball, 4M)
|
Top of the 6th over - 0 run(s), 1 hit(s), 0 error(s), 1 left on base; Greenville 9 - New Orleans 0 |
BOTTOM OF THE 6TH |
New Orleans Looters batting - Pitching for Greenville 84s : LHP Eduardo Trujillo
|
Batting: RHB José Mora
|
0-0: Ball 1-0: Called Strike 1-1: Ball 2-1: Ground out 2-3 (Groundball, 25)
|
Batting: LHB José Esparza
|
0-0: Fly out, F7 (Flyball, 7S)
|
Batting: RHB Dominic Turner
|
0-0: SINGLE (Popup, 4D)
|
Batting: RHB Dave O'Loan
|
0-0: Foul Ball, location: 2F 0-1: Fly out, F7 (Flyball, 7M)
|
Bottom of the 6th over - 0 run(s), 1 hit(s), 0 error(s), 1 left on base; Greenville 9 - New Orleans 0 |
TOP OF THE 7TH |
Greenville 84s batting - Pitching for New Orleans Looters : RHP Ricardo Pérez
|
Batting: LHB Al Mills
|
0-0: Ball 1-0: Foul Ball, location: 2F 1-1: Called Strike 1-2: Foul Ball, location: 2F 1-2: DOUBLE (Line Drive, 9LM)
|
Batting: LHB Brock Larsen
|
0-0: Ball 1-0: Ball 2-0: SINGLE (Flyball, 8RS) Al Mills to third
|
Batting: RHB Carlos Torres
|
0-0: Ball 1-0: Ball 2-0: Called Strike 2-1: Foul Ball, location: 2F 2-2: Fly out, F4 (Popup, 4)
|
Batting: LHB Chris Moore
|
0-0: Ball 1-0: Ball 2-0: Called Strike 2-1: Foul Ball, location: 2F 2-2: 3-RUN HOME RUN (Flyball, 8RXD), Distance : 440 ft
|
Pitching: RHP Dale Downs
|
|
Batting: RHB Enzo Díaz
|
0-0: Foul Ball, location: 2F 0-1: Foul Ball, location: 2F 0-2: Ball 1-2: Ball 2-2: SINGLE (Line Drive, 6MD)
|
Batting: LHB Jimmy Vickers
|
0-0: Foul Ball, location: 2F 0-1: Ball Enzo Díaz is caught stealing 2nd base 1-1: SINGLE (Groundball, 34D)
|
Batting: LHB Paco Rosas
|
0-0: Called Strike 0-1: Foul Ball, location: 2F 0-2: Foul Ball, location: 2F 0-2: Fly out, F4 (Popup, 9S)
|
Top of the 7th over - 3 run(s), 5 hit(s), 0 error(s), 1 left on base; Greenville 12 - New Orleans 0 |
BOTTOM OF THE 7TH |
New Orleans Looters batting - Pitching for Greenville 84s : LHP Eduardo Trujillo
|
Batting: RHB Stephen Shaw
|
0-0: Ball 1-0: Ball 2-0: Ball 3-0: Base on Balls
|
Batting: RHB Francisco Ibarra
|
0-0: Ball 1-0: Ball 2-0: SINGLE (Groundball, 6M) Stephen Shaw to second
|
Batting: RHB Jimmy Simon
|
0-0: Ball 1-0: Called Strike 1-1: Foul Ball, location: 2F 1-2: Ball 2-2: Ground out 4-3 (Groundball, 4M) Stephen Shaw to third Francisco Ibarra to second
|
Pitching: RHP Esteban Gonzáles
|
|
Batting: RHB Luis Alou
|
0-0: Called Strike 0-1: Swinging Strike 0-2: Ball 1-2: Foul Ball, location: 2F 1-2: Ball 2-2: Foul Ball, location: 2F 2-2: Ball 3-2: Foul Ball, location: 2F 3-2: Ground out 6-3 (Groundball, 6) Stephen Shaw scores Francisco Ibarra to third
|
Batting: RHB Diego Rivera
|
0-0: Called Strike 0-1: Ball 1-1: Foul Ball, location: 2F 1-2: Fly out, F3 (Popup, 34)
|
Bottom of the 7th over - 1 run(s), 1 hit(s), 0 error(s), 1 left on base; Greenville 12 - New Orleans 1 |
TOP OF THE 8TH |
Greenville 84s batting - Pitching for New Orleans Looters : RHP Dale Downs
|
Batting: LHB Kiyonaga Morita
|
0-0: Ground out 1-3 (Groundball, 13)
|
Batting: LHB Vicente Bueno
|
0-0: Called Strike 0-1: Ball 1-1: Ball 2-1: Foul Ball, location: 2F 2-2: Foul Ball, location: 2F 2-2: Ball 3-2: Ground out 4-3 (Groundball, 34)
|
Batting: LHB Al Mills
|
0-0: Called Strike 0-1: Ball 1-1: Foul Ball, location: 2F 1-2: Ball 2-2: Foul Ball, location: 2F 2-2: Foul Ball, location: 2F 2-2: Ball 3-2: Base on Balls
|
Batting: LHB Brock Larsen
|
0-0: Ball 1-0: Fly out, F8 (Flyball, 78D)
|
Top of the 8th over - 0 run(s), 0 hit(s), 0 error(s), 1 left on base; Greenville 12 - New Orleans 1 |
BOTTOM OF THE 8TH |
New Orleans Looters batting - Pitching for Greenville 84s : RHP Esteban Gonzáles
|
Batting: RHB José Mora
|
0-0: Foul Ball, location: 2F 0-1: Ball 1-1: Ground out 3-1 (Groundball, 34)
|
Batting: LHB José Esparza
|
0-0: Called Strike 0-1: Ball 1-1: Fly out, F6 (Popup, 6MD)
|
Batting: RHB Dominic Turner
|
0-0: Called Strike 0-1: Ball 1-1: Foul Ball, location: 2F 1-2: Ball 2-2: Fly out, F4 (Popup, 4M)
|
Bottom of the 8th over - 0 run(s), 0 hit(s), 0 error(s), 0 left on base; Greenville 12 - New Orleans 1 |
TOP OF THE 9TH |
Greenville 84s batting - Pitching for New Orleans Looters : RHP Dale Downs
|
Pitching: LHP Tadao Yoshida
|
|
Batting: RHB Carlos Torres
|
0-0: Called Strike 0-1: Foul Ball, location: 2F 0-2: Ball 1-2: Ball 2-2: Ball 3-2: Foul Ball, location: 2F 3-2: Foul Ball, location: 2F 3-2: Foul Ball, location: 2F 3-2: Fly out, F9 (Line Drive, 9D)
|
Batting: LHB Chris Moore
|
0-0: Swinging Strike 0-1: Ball 1-1: SINGLE (Line Drive, 7LS)
|
Batting: RHB Enzo Díaz
|
0-0: Ball 1-0: Ball 2-0: Called Strike 2-1: Ball 3-1: Foul Ball, location: 2F 3-2: Base on Balls Chris Moore to second
|
Batting: LHB Jimmy Vickers
|
0-0: Ball 1-0: Called Strike 1-1: Swinging Strike 1-2: Strikes out swinging
|
Batting: LHB Paco Rosas
|
0-0: Ball 1-0: Called Strike 1-1: Ball 2-1: Called Strike 2-2: Foul Ball, location: 2F 2-2: Fielders Choice at 2nd, U4 (Groundball, 4M)
|
Top of the 9th over - 0 run(s), 1 hit(s), 0 error(s), 2 left on base; Greenville 12 - New Orleans 1 |
BOTTOM OF THE 9TH |
New Orleans Looters batting - Pitching for Greenville 84s : RHP Esteban Gonzáles
|
Batting: RHB Dave O'Loan
|
0-0: Fly out, F1 (Line Drive, 15)
|
Batting: RHB Stephen Shaw
|
0-0: Ball 1-0: Called Strike 1-1: Foul Ball, location: 2F 1-2: Ball 2-2: Foul Ball, location: 2F 2-2: Ball 3-2: Base on Balls
|
Batting: RHB Francisco Ibarra
|
0-0: Called Strike 0-1: Reached on error, E4 (Groundball, 4) Stephen Shaw to second
|
Batting: RHB Jimmy Simon
|
0-0: Swinging Strike 0-1: Grounds into double play, 4-6-3 (Groundball, 34)
|
Bottom of the 9th over - 0 run(s), 0 hit(s), 1 error(s), 1 left on base; Greenville 12 - New Orleans 1 |
|